 Dungeon Crawl Stone Soup version 0.26.1-11-gd32895ea62 (webtiles) character file.

Game seed: 4125925625722372118

121 Kalagan26 the Digger (level 5, -4/31 HPs)
             Began as a Gargoyle Earth Elementalist on June 22, 2021.
             Slain by a white imp (5 damage)
             ... summoned by Natasha
             ... on level 2 of the Dungeon.
             The game lasted 00:16:21 (2172 turns).

Kalagan26 the Digger (Gargoyle Earth Elementalist)  Turns: 2172, Time: 00:16:22

Health: -4/31      AC:  8    Str: 11    XL:     5   Next: 5%
Magic:  4/8        EV: 12    Int: 17    God:
Gold:   120        SH:  0    Dex: 10    Spells: 7/8 levels left

rFire    . . .     SeeInvis +   m - +2 dagger (holy)
rCold    . . .     Faith    .   (no shield)
rNeg     + . .     Spirit   .   c - +0 robe
rPois    ∞         Reflect  .   (no helmet)
rElec    +         Harm     .   (no cloak)
rCorr    .         Rampage  .   (no gloves)
Will     .....                  k - +1 pair of boots
Stlth    ++........             (no amulet)
HPRegen  0.10/turn              h - ring of see invisible
MPRegen  0.11/turn              (no ring)

@: no status effects
A: negative energy resistance 1, electricity resistance, unbreathing,
petrification resistance, miasma immunity, AC +4
a: no special abilities


You were on level 2 of the Dungeon.
You visited 1 branch of the dungeon, and saw 2 of its levels.

You collected 120 gold pieces.

Inventory:

Hand Weapons
 e - a -2 mace
 i - a +0 dagger
 m - a +2 dagger of holy wrath (weapon)
 n - a +2 antimagic mace
Missiles
 b - 91 stones
Armour
 c - a +0 robe (worn)
 k - a +1 pair of boots (worn)
Jewellery
 h - a ring of see invisible (left hand)
 p - a +6 ring of dexterity {unknown}
 r - a cursed ring of attention
Scrolls
 a - a scroll of fog
 d - a scroll of enchant weapon {unknown}
 f - a scroll of remove curse
 l - a scroll of random uselessness {unknown}
Potions
 g - a potion of curing {unknown}
 o - a potion of lignification {unknown}
 s - 2 potions of might {unknown}
 v - a potion of cancellation {unknown}
 w - a potion of heal wounds {unknown}


   Skills:
 * Level 2.5 Fighting
 - Level 0.6 Short Blades
 - Level 0.2 Maces & Flails
 - Level 1.5 Dodging
 - Level 2.1 Stealth
 - Level 2.0 Spellcasting
 - Level 0.7 Transmutations
 + Level 5.7 Earth Magic


You had 7 spell levels left.
You knew the following spells:

 Your Spells              Type           Power        Failure   Level
a - Sandblast             Erth           42%          1%          1

Your spell library contained the following spells:

 Spells                   Type           Power        Failure   Level
 Passwall                 Tmut/Erth      10%          8%          2
 Stone Arrow              Conj/Erth      22%          19%         3
 Petrify                  Tmut/Erth      12%          45%         4
 Lee's Rapid Deconstruct  Erth           10%          45%         5
 Confusing Touch          Hex            1%           50%         3
 Gell's Gravitas          Tloc           0%           50%         3
 Metabolic Englaciation   Hex/Ice        0%           99%         5
 Yara's Violent Unravell  Hex/Tmut       1%           99%         5


Dungeon Overview and Level Annotations

Branches:
Dungeon (2/15)

Altars:
Okawaru

Annotations:
D:2 Natasha


Innate Abilities, Weirdness & Mutations

You are resistant to torment.
Your stone body is resilient. (AC +4)
You are immune to poison.
You resist negative energy. (rN+)
You are resistant to electric shocks. (rElec)
You can survive without breathing.
You are immune to petrification.
You are immune to miasma.


Message History

Press: ? - help, Q - select action, (/) - cycle Shift-Dir - straight line, f - white imp
Aim: a white imp (blue smoke, summoned, 19% to evade)
The blast of sand misses the white imp.
The white imp gestures at you. The puff of frost hits you!
* * * LOW HITPOINT WARNING * * *
As you read the scroll labelled MIG DUOZEIXEJ, it crumbles to dust.
It is a scroll of enchant armour.
Your +0 pair of boots glows green for a moment.
As you read the scroll labelled KEXO CAEWAODD, it crumbles to dust.
You hear a loud clanging noise!
It was a scroll of noise.
The white imp barely misses you.
Unknown command.
As you read the scroll labelled WIDGHI ASODEMN, it crumbles to dust.
It is a scroll of identify.
r - a cursed ring of attention The white imp hits you.
* * * LOW HITPOINT WARNING * * *
The white imp freezes you.
You die...

*###******####.#********
,,,,,,,,,,,,,,,,,,,,,,,*
*##*,,,,,,,,,,,*******,*
#..,,,,,,,,,*** *,*
#.#,*******,* *,*
#.#,,,,,,**,* *,*
#.#*****,,,,* *,******
#.###################,,,,,,*
##...(...h.§5§h5@§§.[#****,**
.......#############.#,,,,,*
......)#,,,,,,,* *,*,*****
......)#,,,,,,,* *,*,*
..........,,,,,* *,*,*
...........,,,,* *,*,*
............,,,* *,,,*
............,,,* *****
########h...,,,*


You could see Natasha and a white imp (summoned).

Vanquished Creatures
  Natasha (D:2)
  2 adders (D:2)
  An ooze (D:1)
  A worm (D:2)
  2 dart slugs
  2 giant cockroaches
  13 goblins
  2 hobgoblins
  10 jackals
  8 kobolds
  2 quokkas (D:2)
  10 bats
  A frilled lizard (D:1)
  5 rats
60 creatures vanquished.

Notes
Turn   | Place    | Note
-------+----------+-------------------------------------------
     0 | D:1      | Kalagan26 the Gargoyle Earth Elementalist began the quest
                  | for the Orb.
     0 | D:1      | Reached XP level 1. HP: 10/10 MP: 3/3
   386 | D:1      | Reached skill level 4 in Earth Magic
   386 | D:1      | Reached XP level 2. HP: 16/16 MP: 3/5
   472 | D:1      | Reached skill level 1 in Fighting
   744 | D:1      | Reached XP level 3. HP: 20/21 MP: 4/6
  1423 | D:2      | Found an iron altar of Okawaru.
  1469 | D:2      | Reached XP level 4. HP: 26/26 MP: 3/7
  1511 | D:2      | Reached skill level 5 in Earth Magic
  1756 | D:2      | Noticed Natasha
  1760 | D:2      | Killed Natasha
  2031 | D:2      | Reached XP level 5. HP: 31/31 MP: 5/8
  2154 | D:2      | Noticed Natasha
  2172 | D:2      | HP: 1/31 [white imp[Natasha] (3)]
  2172 | D:2      | Slain by a white imp

Illustrated notes

Levels and vault maps discovered:
D:1:      grunt_arrival_crossed_arrows, layout_loops_corners
D:2:      layout_basic, okawaru_trees_2, uniq_natasha

Skill      XL: |  1  2  3  4 |
---------------+-------------+-----
Earth Magic    | 4 5 |  5.7
Fighting       | 1 2 |  2.5
Short Blades   | |  0.6
Maces & Flails | |  0.2
Dodging        | |  1.5
Stealth        | |  2.1
Spellcasting   | |  2.0
Transmutations | |  0.7

Action                   |  1- 3 |  4- 6 || total
-------------------------+-------+-------++-------
Melee: Mace              |     8 |       ||     8
       Dagger            |    48 |    15 ||    63
 Cast: Sandblast         |    37 |    36 ||    73
  Use: Scroll            |     1 |     5 ||     6
 Stab: Sleeping          |     1 |       ||     1
Armor: Robe              |    25 |    11 ||    36
Dodge: Dodged            |    46 |    17 ||    63
